Map: 2000 Atmospheres LE

Players

PattyMac

  • Race: Protoss Protoss
  • League: Grandmaster

Future - Winner!

  • Race: Terran Terran

Event: DreamHack SC2 Masters 2021 Summer

VOD

Have the link to the VOD?

Description

Time

  • Played on: May 25, 2021, 3:54 p.m.
  • Length: 9:29

All games in this series

Show
View Real Time Build Order
Export as new Build Order

PattyMac Protoss 

Build Orders: 1 Gate Expand, Phoenix Opening, Blink Stalkers, Colossus Rush 

Get SALT Encoding   

  12  0:00  Probe  
  13  0:12  Probe  
  14  0:18  Pylon  
  14  0:24  Probe (Chrono Boost)  
  15  0:37  Probe (Chrono Boost)  
  15  0:38  Gateway  
  16  0:44  Probe (Chrono Boost)  
  16  0:46  Assimilator  
  17  0:52  Probe  
  18  1:04  Probe  
  19  1:16  Probe  
  20  1:25  Cybernetics Core  
  20  1:32  Nexus  
  20  1:34  Probe  
  21  1:42  Pylon  
  21  1:47  Probe  
  22  1:50  Assimilator  
  22  1:58  Adept (Chrono Boost)  
  22  1:59  Probe  
  25  2:04  Warp Gate  
  24  2:11  Probe (Chrono Boost)  
  25  2:20  Probe (Chrono Boost)  
  26  2:23  Stalker  
  26  2:25  Probe (Chrono Boost)  
  29  2:32  Twilight Council  
  29  2:41  Probe (Chrono Boost)  
  29  2:44  Probe (Chrono Boost)  
  32  2:53  Probe (Chrono Boost), Sentry  
  32  2:54  Probe (Chrono Boost)  
  32  2:58  Probe (Chrono Boost)  
  35  3:00  Pylon  
  35  3:02  Probe  
  37  3:10  Probe  
  37  3:12  Blink (Chrono Boost)  
  38  3:14  Probe  
  39  3:22  Probe  
  39  3:23  Gateway  
  39  3:24  Gateway  
  39  3:27  Probe  
  41  3:30  Phoenix  
  41  3:33  Assimilator  
  41  3:34  Probe  
  41  3:39  Probe  
  41  3:40  Robotics Facility  
  43  3:46  Probe  
  44  3:49  Pylon  
  44  3:51  Probe  
  44  3:54  Stalker  
  47  3:58  Probe  
  48  4:03  Probe  
  48  4:05  Pylon  
  49  4:10  Probe  
  49  4:15  Probe  
  51  4:23  Probe  
  52  4:24  Stalker x3  
  52  4:27  Probe, Observer (Chrono Boost)  
  60  4:32  Nexus  
  60  4:35  Probe  
  60  4:36  Assimilator  
  61  4:39  Probe  
  61  4:40  Observer (Chrono Boost)  
  63  4:46  Forge  
  63  4:47  Probe  
  63  4:51  Robotics Bay  
  63  4:52  Probe  
  65  4:55  Pylon  
  65  5:01  Probe  
  65  5:04  Probe  
  67  5:07  Charge (Chrono Boost)  
  67  5:13  Probe  
  68  5:16  Probe  
  68  5:18  Gateway  
  68  5:19  Gateway  
  69  5:28  Probe  
  69  5:34  Colossus (Chrono Boost)  
  70  5:36  Gateway  
  70  5:38  Pylon  
  70  5:40  Zealot  
  78  5:48  Zealot x2  
  82  6:00  Pylon  
  82  6:04  Protoss Ground Weapons Level 1  
  82  6:06  Templar Archives  
  82  6:11  Zealot x2  
  86  6:14  Stalker x2  
  86  6:20  Probe  
  85  6:25  Observer  
  85  6:26  Pylon  
  85  6:30  Colossus (Chrono Boost)  
  85  6:32  Zealot x3  
  97  6:35  Observer  
  97  6:37  Probe  
  96  6:40  Stalker x2  
  96  6:43  Probe  
  96  6:45  Probe  
  102  6:47  Shield Battery  
  102  6:52  Shield Battery  
  102  7:04  Gateway  
  102  7:05  Gateway  
  101  7:09  Colossus (Chrono Boost)  
  87  7:23  Robotics Bay  
  87  7:27  Probe  
  84  7:30  Zealot x3  
  88  7:40  Pylon x2  
  88  7:45  Pylon  
  82  8:02  Gateway  
  82  8:03  Gateway  
  82  8:04  Warp Prism (Chrono Boost)  
  82  8:05  Pylon  
  84  8:14  High Templar x2  
  84  8:18  Archon  
  88  8:22  Probe x2  
  88  8:23  Probe  
  91  8:31  Observer, Zealot x2  
  92  8:50  Stalker x4  
  92  8:55  Zealot x2  
  104  9:02  Zealot  
  104  9:03  Zealot  
Show
View Real Time Build Order
Export as new Build Order

Future Terran - Winner!

Build Orders:  

Get SALT Encoding   

  12  0:00  SCV  
  13  0:12  SCV  
  14  0:17  Supply Depot  
  14  0:24  SCV  
  15  0:39  SCV  
  15  0:40  Barracks  
  16  0:44  Refinery  
  16  0:51  SCV  
  17  1:03  SCV  
  18  1:15  SCV  
  19  1:27  Orbital Command  
  19  1:28  Marine  
  20  1:42  Command Center  
  20  1:46  Barracks Reactor  
  20  1:52  SCV  
  21  1:57  Supply Depot  
  21  2:04  SCV  
  21  2:08  Factory  
  22  2:17  SCV  
  22  2:22  Marine x2  
  25  2:27  Bunker  
  25  2:29  SCV  
  26  2:32  Refinery  
  26  2:39  Marine x2  
  26  2:41  SCV  
  29  2:52  Starport  
  29  2:53  SCV  
  29  2:57  Orbital Command  
  30  3:00  Marine  
  30  3:01  Marine  
  32  3:06  SCV  
  32  3:08  Factory Tech Lab  
  33  3:18  SCV, Marine  
  33  3:19  Marine  
  36  3:21  Supply Depot  
  36  3:22  SCV  
  37  3:30  SCV  
  37  3:33  Barracks  
  38  3:34  SCV  
  38  3:36  Raven  
  38  3:37  Factory Tech Lab  
  41  3:43  SCV  
  41  3:46  SCV  
  41  3:47  Barracks  
  43  3:50  Marine x2  
  43  3:55  SCV  
  46  3:58  SCV  
  46  4:00  Supply Depot  
  47  4:07  SCV  
  48  4:11  SCV  
  48  4:17  Engineering Bay, Marine x2  
  48  4:18  Refinery  
  48  4:19  SCV  
  48  4:21  Factory Reactor  
  48  4:23  SCV  
  52  4:25  Starport Reactor  
  52  4:26  Supply Depot  
  52  4:27  Stimpack  
  52  4:31  SCV  
  53  4:35  SCV, Marine x2  
  56  4:40  Marauder x2  
  56  4:43  SCV  
  56  4:44  Terran Infantry Weapons Level 1  
  61  4:47  SCV  
  61  4:51  Supply Depot  
  62  4:55  SCV, Supply Depot  
  62  4:56  Marine  
  62  4:57  Refinery, Marine  
  62  4:59  SCV  
  66  5:02  Marauder  
  66  5:03  Marauder  
  70  5:08  Combat Shield  
  70  5:09  SCV  
  70  5:13  SCV  
  71  5:19  Marine x2  
  73  5:23  Marine  
  73  5:24  Marine, Supply Depot  
  73  5:25  Supply Depot  
  73  5:27  Medivac  
  77  5:28  Medivac  
  77  5:30  Widow Mine  
  77  5:33  Widow Mine  
  83  5:39  Marine x2  
  85  5:46  Marauder x2, Supply Depot  
  85  5:49  Supply Depot  
  89  5:57  Marine x2, Medivac  
  89  5:58  Medivac  
  95  6:07  Widow Mine x2  
  97  6:13  Marauder  
  97  6:14  Marauder  
  99  6:26  Command Center  
  99  6:27  SCV, Barracks  
  99  6:28  Barracks  
  99  6:29  SCV  
  101  6:40  SCV  
  101  6:41  SCV, Marauder  
  101  6:42  Marauder  
  101  6:43  Marine x2  
  109  6:51  Supply Depot  
  109  6:52  SCV, Terran Infantry Armor Level 1  
  109  6:53  SCV  
  111  7:01  Viking  
  111  7:02  Viking  
  111  7:04  SCV  
  111  7:05  SCV  
  117  7:13  Marauder x2  
  117  7:14  Marine  
  114  7:16  SCV  
  114  7:17  SCV  
  112  7:28  SCV  
  112  7:29  SCV  
  108  7:32  Barracks Reactor, Barracks Tech Lab  
  108  7:34  Marauder x2  
  112  7:38  Orbital Command  
  112  7:40  SCV  
  112  7:41  SCV, Viking  
  116  7:45  Viking  
  107  7:54  Marauder  
  107  7:55  Marauder, Marine x3  
  107  7:59  Ghost Academy  
  107  8:09  Marine x2  
  107  8:11  Viking  
  111  8:14  Marauder  
  111  8:15  Marine x2, Viking, Supply Depot  
  111  8:16  Supply Depot  
  117  8:27  Ghost x2  
  117  8:28  Marine  
  117  8:29  Marine  
  117  8:32  SCV x2, Marine, Supply Depot  
  117  8:33  SCV, Marine  
  128  8:34  Ghost  
  129  8:41  Refinery, Viking  
  129  8:42  Refinery, Command Center  
  129  8:44  SCV  
  129  8:45  SCV x2, Viking  
  129  8:48  Marine  
  136  8:49  Marine  
  138  8:56  Marauder x2, Bunker, Missile Turret  
  138  8:59  Marine, Missile Turret  
  143  9:03  Marine  
  143  9:04  Marauder  
  143  9:06  Missile Turret  
Tags
 
Add a new tag
Caveats
  • Supply blocks, unpowered buildings, or Contaminate may cause inaccurate times.
  • Supply counts are checked every 10 seconds.